[Event "Rosh Hashanah Rapid 2022"]
[Site "Ramat Gan"]
[Date "2022.09.25"]
[Round "3.1"]
[White "Veinberg, Nimrod"]
[Black "Gorodetzky, David"]
[Result "1-0"]
[ECO "D24"]
[WhiteElo "2400"]
[BlackElo "2495"]
[Annotator "TA"]
[PlyCount "81"]
[EventDate "2022.09.25"]
[EventType "rapid"]
[EventCountry "ISR"]
[SourceTitle "playchess.com"]
[Source "ChessBase"]
[SourceQuality "1"]
[TimeControl "900+5"]

1. d4 d5 2. c4 e6 3. Nf3 Nf6 4. Nc3 dxc4 5. e3 a6 6. a4 Bb4 7. Bxc4 {[%emt 0:00:01] D24: Queen's Gambit Accepted: 3 Nf3 Nf6 4 Nc3.} b6 8. O-O Bb7 {[%emt 0:00:06] Prevents e4.} 9. Qe2 {[%emt 0:00:03] The position is equal.} Nbd7 10. Rd1 O-O 11. d5 exd5 12. Nxd5 Bd6 13. b3 Nc5 14. Nxf6+ Qxf6 {[%emt 0:00:01] [#]} 15. Bb2 $146 ({Predecessor:} 15. Ba3 Rfd8 16. h3 Ne4 17. Bb2 Qe7 18. Rac1 c5 19. Nd2 Nf6 20. Nf3 Ne4 21. Nd2 {½-½ (43) Magai,V (2531)-Kortschnoj,V (2634) Bled 2002}) 15... Qh6 16. Bd5 Bxd5 17. Rxd5 Nxb3 {[%emt 0:00:04] [#]} (17... Rfd8 $11 {deserves consideration.} 18. Qc4 Be7) 18. Bxg7 $1 $14 Qxg7 19. Rg5 Nxa1 20. Rxg7+ Kxg7 21. Qb2+ f6 22. Qxa1 Rf7 {[%emt 0:00:17] Black is on the road to losing.} ({Black should try} 22... Kh8 $14) 23. g3 $16 {[%emt 0:00:13][%mdl 1024] White has strong compensation.} Rd8 24. Nd4 $36 {[%emt 0:00:01][%mdl 2048] Black is under strong pressure.} Kh8 25. Nc6 Rdf8 26. a5 b5 (26... Bc5 $16) 27. Qd4 $18 {[%emt 0:00:07] [#] Qa7 is the strong threat.} Kg7 $2 (27... Ra8 {is a better chance.} 28. Kf1 Rff8) 28. Qa7 b4 29. Qxa6 Re8 30. Qb5 Ra8 31. Qb7 Rff8 32. a6 b3 33. a7 ({Weaker is} 33. Qxb3 Rxa6 34. Nd4 Kh8 $18) 33... Bc5 34. Qxc7+ Rf7 35. Qb8 {[%emt 0:00:30] Chess con chili.} Rfxa7 36. Qxb3 Rc7 37. Qd5 Rac8 38. Nd8 {[%emt 0:00:06] Threatens to win with Ne6+.} ({Less strong is} 38. Qxc5 Rxc6 39. Qe7+ Kh8 $18) 38... Kg6 (38... Kh8 $142 39. Ne6 Ra7 40. Nxc5 Ra5) 39. g4 {[%emt 0:00:18] And now Ne6 would win.} Be7 40. Qf7+ Kh6 41. Ne6 {[%emt 0:00:04] Weighted Error Value: White=0.11 (very precise) /Black=0.51} 1-0

[Event "Rosh Hashanah Rapid 2022"]
[Site "Ramat Gan"]
[Date "2022.09.25"]
[Round "3.2"]
[White "Dvoirys, Semen I."]
[Black "Ben Ari, Yannay"]
[Result "0-1"]
[ECO "B11"]
[WhiteElo "2461"]
[BlackElo "2387"]
[Annotator "TA"]
[PlyCount "67"]
[EventDate "2022.09.25"]
[EventType "rapid"]
[EventCountry "ISR"]
[SourceTitle "playchess.com"]
[Source "ChessBase"]
[SourceQuality "1"]
[TimeControl "900+5"]

1. e4 c6 2. Nc3 d5 3. Nf3 Bg4 4. h3 Bxf3 5. Qxf3 e6 6. g3 Nd7 {[%emt 0:00:03][%cal Bb8d7,Bd7e5,Be5g4][%mdl 32] B11: Caro-Kann: Two Knights Variation.} 7. Qe2 {[%emt 0:00:18] Threatens to win with exd5.} d4 8. Nb1 h5 {[%emt 0:00:55] The position is equal.} 9. h4 {[%emt 0:00:24] [#]} Bb4 $146 ({Predecessor:} 9... g5 10. hxg5 Qxg5 11. d3 {0-1 (11) Stripunsky,A (2562)-Onischuk,A (2660) Saint Louis 2012}) 10. c3 Ba5 11. Na3 (11. cxd4 $11 Bb6 12. d5) 11... Ne5 $1 $15 12. f4 Ng4 13. Nc4 Bc7 14. a4 N8h6 15. b4 O-O 16. Bb2 b5 17. Na5 $1 e5 ({Black should try} 17... Bxa5 $15 18. bxa5 dxc3 19. Bxc3 Rb8) 18. f5 $2 {[%emt 0:00:57][%mdl 8192] [#] White does not recover from this.} (18. axb5 dxc3 19. Bxc3 (19. dxc3 cxb5 20. Rd1 Qe8 $17) 19... cxb5 $11) (18. Nxc6 $14 Qf6 19. axb5) 18... Bxa5 $19 19. bxa5 bxa4 {[%emt 0:00:01] White must now prevent ...Rb8.} 20. Qc4 Rb8 ({And not} 20... Qxa5 21. Rxa4 Qc7 22. Be2 $17 (22. cxd4 $2 Rab8 $19)) 21. Ba3 Re8 22. Bb4 c5 23. Qxc5 dxc3 24. Bxc3 Qd7 {[%emt 0:00:07][%cal Oh6f5] Strongly threatening ...Nxf5!} 25. Be2 {[%emt 0:03:35] [#]} (25. Qd5 $17 Qxd5 26. exd5) 25... Nf6 $1 26. d3 (26. Qe3) 26... Nhg4 {[%emt 0:00:11] Black is clearly winning.} 27. Bxg4 {[%emt 0:01:55] Be2 is the strong threat.} Nxg4 28. Qd5 Qc7 29. Bd2 Red8 30. Rc1 Qe7 31. Qc4 Rd4 ({But not} 31... Rb2 $2 32. Bg5 Nf6 33. O-O $19) 32. Qc7 Qxc7 33. Rxc7 Rb1+ 34. Rc1 {[%emt 0:00:15] Weighted Error Value: White=0.78/Black=0.49} 0-1

[Event "Rosh Hashanah Rapid 2022"]
[Site "Ramat Gan"]
[Date "2022.09.25"]
[Round "3.3"]
[White "Mindlin, Alon"]
[Black "Sokolovsky, Yahli"]
[Result "1-0"]
[ECO "D10"]
[WhiteElo "2426"]
[BlackElo "2419"]
[Annotator "TA"]
[PlyCount "103"]
[EventDate "2022.09.25"]
[EventType "rapid"]
[EventCountry "ISR"]
[SourceTitle "playchess.com"]
[Source "ChessBase"]
[SourceQuality "1"]
[TimeControl "900+5"]

1. d4 d5 2. c4 c6 3. cxd5 cxd5 4. Bg5 h6 5. Bh4 Qb6 6. Nc3 {[%emt 0:00:02] D10: Slav Defence: 3 cxd5 (without early Nf3) and 3 Nc3.} e6 7. Qd2 Nc6 8. e3 {[%emt 0:00:06] White has an edge.} Nge7 9. Bd3 Bd7 10. Nf3 Nb4 11. Bb1 $1 {[%emt 0:00:17] [#]} Qa6 $146 ({Predecessor:} 11... Bb5 12. Nxb5 Qxb5 13. Qe2 Qxe2+ 14. Kxe2 Nc8 15. Rc1 Bd6 16. Ne5 Nb6 17. a3 Na6 {½-½ (42) Velikic,A (2207)-Brunello,M (2349) Novi Sad 2016}) 12. Ne5 Nf5 13. Bxf5 exf5 14. Qe2 Qxe2+ 15. Kxe2 Bd6 16. Bg3 Bxe5 17. Bxe5 f6 $1 18. Bd6 Na6 19. Nxd5 Bc6 20. Nc3 {[%emt 0:00:09] White is much more active. The black rooks are badly placed.} Rd8 21. Bc5 b6 22. Ba3 f4 23. Rhd1 Bxg2 24. e4 Kf7 25. f3 g5 26. Kf2 Bh3 27. Rac1 h5 (27... Bd7 $14) 28. Ne2 Bd7 29. d5 $36 {[%emt 0:00:05][%cal Oh2h4][%mdl 2048] Keeping Black busy.} Rc8 {[%emt 0:00:11] [#]} 30. Nd4 (30. h4 $1 $16) 30... g4 (30... Nc5 $14) 31. Ne2 $16 gxf3 32. Nxf4 Rhe8 33. Rxc8 (33. Nxh5 $6 Rxc1 34. Rxc1 Rxe4 $14) 33... Bxc8 34. Rd4 (34. Nxh5 Rxe4 35. Kxf3 Rh4 $16) 34... Nc7 35. d6 $2 (35. Kxf3 Bg4+ 36. Ke3 Rc8 $16) (35. Nxh5 $6 Rh8 $16) ({White should play} 35. Rc4 $18 Na6 36. b3 (36. Kxf3 b5 $18)) 35... Nb5 $11 36. Rd5 {[%emt 0:00:02] aiming for d7.} Nxa3 $2 {[%emt 0:00:12][%mdl 8192] A mistake that costs the game.} (36... Bd7 $11) 37. d7 $18 {[%emt 0:00:01][%mdl 64] Zwischenzug} ({Inferior is} 37. bxa3 Bb7 38. Rd1 (38. Rxh5 Bxe4 39. Rh4 Rd8 $11) (38. d7 Rd8 $11) 38... Bxe4 $11) 37... Bxd7 38. Rxd7+ {[%emt 0:00:00][%mdl 4096] Endgame KRN-KRN} Kg8 $2 (38... Kf8 39. Ng6+ (39. Rxa7 Nc4 $16) 39... Kg8 40. bxa3 Rxe4 41. Rxa7 Re2+ 42. Kxf3 Rxh2) 39. Nxh5 Rc8 40. bxa3 {[%emt 0:00:01] KRN-KR} (40. Nxf6+ $142 Kf8 41. bxa3 Rc6 42. e5 b5 43. Rxa7 b4 44. axb4 Rc2+ 45. Kxf3 Rc3+ 46. Ke4) 40... Rc2+ 41. Kxf3 {[%emt 0:00:04] White mates.} Rxa2 42. Nxf6+ Kf8 43. Rxa7 b5 44. Nd5 Rxh2 45. Rb7 Rb2 46. Kf4 Ke8 47. Ke5 Kd8 48. Nb4 Rb3 49. Rxb5 Rxa3 50. Kd6 Kc8 51. Rc5+ Kd8 {[%emt 0:00:06] [#]} 52. Ra5 $3 {[%emt 0:00:07][%mdl 512] Weighted Error Value: White=0.18 (very precise) /Black=0.43} 1-0

[Event "Rosh Hashanah Rapid 2022"]
[Site "Ramat Gan"]
[Date "2022.09.25"]
[Round "3.4"]
[White "Zanan, Evgeny"]
[Black "Zemach, Nadav"]
[Result "1-0"]
[ECO "C88"]
[WhiteElo "2485"]
[BlackElo "2238"]
[Annotator "TA"]
[PlyCount "111"]
[EventDate "2022.09.25"]
[EventType "rapid"]
[EventCountry "ISR"]
[SourceTitle "playchess.com"]
[Source "ChessBase"]
[SourceQuality "1"]
[TimeControl "900+5"]

1. e4 {[%emt 0:00:40] Wedberg,T} e5 2. Nf3 Nc6 3. Bb5 a6 4. Ba4 Nf6 5. O-O Be7 6. Re1 b5 7. Bb3 O-O 8. a4 {[%emt 0:00:01][%cal Ba2a4,Ba4b5][%mdl 32] Threatens to win with axb5. Nowadays more popular than 8.c3.} d5 {[%emt 0:00:08] C88: Closed Ruy Lopez: Anti-Marshall Systems.} 9. Bxd5 (9. axb5 {seems wilder.} dxe4 10. bxc6 exf3 11. Qxf3 e4 12. Qe2) 9... Nxd5 10. axb5 Nd4 {[%emt 0:00:32] White is slightly better.} 11. Nxd4 exd4 12. exd5 Bb7 13. c4 {[%emt 0:05:06] [#] And now bxa6 would win.} axb5 $146 ({Predecessor:} 13... dxc3 14. dxc3 axb5 15. Rxa8 Bxa8 16. Qd3 Bxd5 17. Qxb5 Bd6 18. Nd2 Qa8 19. f3 Qa7+ {1-0 (40) De Firmian,N (2575)-Sokolov,I (2670) Amsterdam 1996 CBM 055 [Wedberg,T]}) 14. Rxa8 Bxa8 15. d3 c6 16. dxc6 Bxc6 17. Nd2 Bb4 18. Re5 {[%emt 0:01:10] [#]} (18. Rf1 $11) 18... Re8 $2 (18... Qf6 $1 $17 19. Qe2 Bd6 20. Rxb5 Bxb5 21. cxb5 Qg5) 19. Rxe8+ $14 Qxe8 20. cxb5 Bxb5 {[%emt 0:00:09] A strong pair of Bishops.} 21. Nf3 Qd7 22. h3 Qd5 {[%emt 0:00:30] Against Qb3} 23. Bf4 f6 24. Qc2 Bc5 25. Nd2 f5 (25... h5 $14) 26. Nc4 h6 27. Qe2 Kh7 {[%emt 0:00:07] [#]} 28. b3 $1 Bc6 29. f3 Bb5 30. Qe5 (30. Qe1 $16) 30... Qxe5 31. Bxe5 {[%emt 0:00:01][%mdl 4096] Endgame KBB-KBN} g5 32. f4 gxf4 33. Bxf4 h5 34. Kf2 Kg6 35. Kg3 Kf6 36. Kh4 Bc6 37. Kg3 ({Don't play} 37. Kxh5 Bxg2 38. Ne5 Bb4 $11) 37... Bb5 38. Kf2 Kg6 39. Ke2 Kf6 40. g3 Ke6 41. Kd2 Kd5 42. Kc2 Be7 43. h4 Bc5 44. Nd2 Bb4 45. Nf3 Bc5 46. Ng1 Be8 47. Ne2 Bf7 48. Bb8 Kc6 (48... Bb4 $14) 49. Be5 $16 Kd5 50. Bf6 Bb6 51. b4 {[%emt 0:00:10][%cal Bb3b4,Bb4b5][%mdl 32] Inhibits Bc5.} Ba7 52. Kb3 {[%emt 0:00:08] aiming for b5. White is more active.} Bb6 (52... Be8 $16 {was called for.}) 53. Ka4 $18 Be8+ (53... Kc6 {might work better.} 54. b5+ (54. Bxd4 Bc7 $16) (54. Nxd4+ Bxd4 55. Bxd4 Ba2 $16) 54... Kb7) 54. b5 Bf7 55. Nf4+ Kc5 $2 (55... Kd6 $18 56. Kb4 Kd7) 56. Be7# {[%emt 0:00:18] Weighted Error Value: White=0.12 (very precise) /Black=0.29 (precise)} 1-0

[Event "Rosh Hashanah Rapid 2022"]
[Site "Ramat Gan"]
[Date "2022.09.25"]
[Round "3.5"]
[White "Parkhov, Yair"]
[Black "Noy, Eyal"]
[Result "1-0"]
[ECO "E43"]
[WhiteElo "2479"]
[BlackElo "2067"]
[Annotator "TA"]
[PlyCount "64"]
[EventDate "2022.09.25"]
[EventType "rapid"]
[EventCountry "ISR"]
[SourceTitle "playchess.com"]
[Source "ChessBase"]
[SourceQuality "1"]
[TimeControl "900+5"]

1. d4 Nf6 2. c4 e6 3. Nc3 Bb4 4. e3 O-O 5. Bd3 c5 6. Nf3 b6 7. O-O Bb7 8. Qe2 cxd4 {[%emt 0:00:46] E43: Nimzo-Indian: Rubinstein: 4...b6.} 9. exd4 d5 10. cxd5 Nxd5 {[%emt 0:00:39] [#] The position is equal.} 11. Bg5 $146 ({Predecessor:} 11. Qe4 g6 12. Bg5 Qd7 13. Qh4 f6 14. Bh6 Rf7 15. Bd2 Bd6 16. Rfe1 Nxc3 17. bxc3 {1-0 (35) Hawranke,D (2139)-Von Malottki,R (1972) Hamburg 2011}) 11... Be7 {[%emt 0:00:34] [#]} 12. Qe4 $1 g6 13. Qh4 {[%emt 0:03:16] Nxd5 is the strong threat.} Bxg5 14. Nxg5 ({Don't play} 14. Qxg5 Nxc3 15. bxc3 Bxf3 16. Qxd8 Rxd8 $15) 14... h5 15. Nxd5 (15. Qg3 $14 Qe7 16. Rac1) 15... Bxd5 $11 ({Much less strong is} 15... Qxd5 16. Be4 Qd7 17. Bxb7 Qxb7 18. g4 $16) 16. g4 f6 17. Nh3 (17. Nh7 $5 f5 18. Qxd8 Rxd8 19. Nf6+ Kf7 20. Nxd5 Rxd5 21. gxh5 $15) 17... Kg7 ({Black should play} 17... f5 $15 18. Qxd8 Rxd8) 18. Nf4 (18. Qg3 $5 ) 18... f5 19. Qxd8 {[%emt 0:00:26] Dancing on a razor blade. White is much more active. The black rooks are badly placed.} Rxd8 20. gxh5 {[%emt 0:00:09] [#] aiming for Rac1.} g5 (20... Nc6 $5 ) 21. Nxd5 Rxd5 22. Bc4 (22. Be2 $14 {is more appropriate.} g4 23. Rac1) 22... Rxd4 (22... Rd6 $11) 23. Bxe6 {[%emt 0:00:01] Hoping for Rac1.} (23. Rac1 $5 ) 23... Kf6 $1 24. Bb3 {[%emt 0:00:22] Strongly threatening Rac1.} Nc6 25. Rfd1 $36 {[%emt 0:00:01][%mdl 2048] White has good play.} Rad8 26. Rac1 Rg4+ 27. Kf1 Rxd1+ $4 (27... Nd4 $11) 28. Bxd1 $18 Ne5 29. Bxg4 Nxg4 30. Rc6+ Ke5 31. h6 {[%emt 0:00:04] Intending h7 and mate.} Nf6 32. Rc7 Kd5 {[%emt 0:02:03] Weighted Error Value: White=0.18 (very precise) /Black=0.45} 1-0

[Event "Rosh Hashanah Rapid 2022"]
[Site "Ramat Gan"]
[Date "2022.09.25"]
[Round "3.6"]
[White "Sitbon, Itay"]
[Black "Levin, Guy"]
[Result "0-1"]
[ECO "D25"]
[WhiteElo "2133"]
[BlackElo "2382"]
[Annotator "TA"]
[PlyCount "42"]
[EventDate "2022.09.25"]
[EventType "rapid"]
[EventCountry "ISR"]
[SourceTitle "playchess.com"]
[Source "ChessBase"]
[SourceQuality "1"]
[TimeControl "900+5"]

1. d4 d5 2. c4 dxc4 3. Nf3 Nf6 4. e3 Bg4 5. Bxc4 e6 6. O-O Nbd7 7. b3 {[%emt 0:00:13] D25: Queen's Gambit Accepted: 4 e3: sidelines and 4...Bg4.} Be7 8. Bb2 O-O 9. Nbd2 {[%emt 0:00:13] The position is equal.} c5 10. Be2 Rc8 11. Rc1 a6 {[%emt 0:00:00] [#]} 12. Ne5 $146 ({Predecessor:} 12. h3 Bh5 13. a4 Bg6 14. Nc4 Nd5 15. a5 cxd4 16. Bxd4 Bb4 17. Ra1 Nc3 18. Qd2 Nxe2+ 19. Qxe2 {1-0 (76) Erigaisi,A (2559)-Demchenko,A (2641) Chess.com INT 2020}) 12... Bxe2 13. Qxe2 cxd4 14. Rxc8 Qxc8 15. Rc1 ({But not} 15. Bxd4 Nxe5 16. Bxe5 Qc2 $17) 15... Qd8 16. Bxd4 Nd5 17. Ndc4 b5 (17... Nxe5 $11 18. Nxe5 f6) 18. Nc6 $14 Qe8 19. Nxe7+ Qxe7 20. Na5 Qa3 21. Nc6 $2 {[%emt 0:00:17][%mdl 8192] [#]} Qxc1+ {[%emt 0:00:00] Weighted Error Value: White=0.37/Black=0.12 (very precise)} 0-1

[Event "Rosh Hashanah Rapid 2022"]
[Site "Ramat Gan"]
[Date "2022.09.25"]
[Round "3.7"]
[White "Aizenberg, Benny"]
[Black "Levitan, Tal"]
[Result "1-0"]
[ECO "C45"]
[WhiteElo "2412"]
[BlackElo "2212"]
[Annotator "TA"]
[PlyCount "65"]
[EventDate "2022.09.25"]
[EventType "rapid"]
[EventCountry "ISR"]
[SourceTitle "playchess.com"]
[Source "ChessBase"]
[SourceQuality "1"]
[TimeControl "900+5"]

1. e4 e5 2. Nf3 Nc6 3. d4 exd4 4. Nxd4 Nf6 5. Nxc6 bxc6 6. e5 Qe7 7. Qe2 Nd5 8. h4 (8. c4 $11 Ba6 9. Nd2) 8... Qe6 $15 {[%emt 0:00:08] C45: Scotch Game.} 9. c4 Nb6 10. Nd2 Ba6 (10... Be7 $15) 11. b3 $14 Bb4 12. Bb2 {[%emt 0:00:06] Inhibits Bc3.} O-O 13. O-O-O d5 14. exd6 $1 {[%emt 0:00:09] [#] aiming for Qxe6.} Qxe2 15. Bxe2 cxd6 {[%emt 0:00:01] [#]} 16. h5 $146 ({Predecessor:} 16. a3 Bxd2+ 17. Rxd2 d5 18. cxd5 Bxe2 19. Rxe2 Nxd5 20. g3 Rfe8 21. Rhe1 Rxe2 22. Rxe2 {1-0 (58) Marosi,L (2281)-Horvath,K (1991) Balatonlelle 2018}) 16... h6 (16... d5 $11) 17. a3 Bxd2+ 18. Rxd2 (18. Kxd2 d5 $11) 18... d5 19. Rh4 (19. cxd5 $5 Bxe2 20. Rxe2 Nxd5 21. Rh4 $14) 19... dxc4 20. bxc4 Na4 (20... c5 $14) 21. Bd4 {[%emt 0:00:20] Strongly threatening c5. White is more active. This bishop pair is nice.} Nb6 {[%emt 0:00:46] [#]} (21... c5 $16 {is a better defense.} 22. Be3 Rfd8) 22. c5 $1 $18 Bxe2 23. cxb6 {[%emt 0:00:02] b7 is the strong threat.} ({Inferior is} 23. Rxe2 Nd5 $11) 23... c5 $2 (23... Bf1) 24. b7 {[%emt 0:00:25] White is clearly winning.} (24. Rxe2 axb6 25. Bb2 f6 $18) 24... Rab8 25. Bxc5 ({Don't do} 25. Rxe2 cxd4 26. Re7 (26. Rxd4 Rxb7 27. Rc4 Rd8 $11) 26... g6 $18) 25... Rfe8 26. Rb4 a5 27. Rb6 Bf1 28. Bd6 Bxg2 29. Bxb8 Rxb8 30. Rd7 {[%emt 0:00:03] Black must now prevent Rc7.} Bf3 31. Rc7 {[%emt 0:00:15] White wants to mate with Rc8+.} Kh7 32. Kd2 Bd5 33. Kc3 {[%emt 0:00:07] Weighted Error Value: White=0.06 (flawless) /Black=0.40} 1-0

[Event "Rosh Hashanah Rapid 2022"]
[Site "Ramat Gan"]
[Date "2022.09.25"]
[Round "3.8"]
[White "Soybert, Ori"]
[Black "Vagman, Roy"]
[Result "0-1"]
[ECO "B98"]
[WhiteElo "1761"]
[BlackElo "2287"]
[Annotator "TA"]
[PlyCount "70"]
[EventDate "2022.09.25"]
[EventType "rapid"]
[EventCountry "ISR"]
[SourceTitle "playchess.com"]
[Source "ChessBase"]
[SourceQuality "1"]
[TimeControl "900+5"]

1. e4 c5 2. Nf3 d6 3. d4 cxd4 4. Nxd4 Nf6 5. Nc3 a6 6. Bg5 e6 7. f4 Be7 8. Qf3 Qc7 9. O-O-O Nc6 10. Nxc6 Qxc6 {[%emt 0:00:39] 10...Qxc6 scores better than 10...bxc6.} 11. e5 {[%emt 0:00:44] B98: Sicilian Najdorf: 6 Bg5 e6 7 f4 Be7, sidelines.} (11. Qg3 $14) 11... Qxf3 $11 12. gxf3 dxe5 13. fxe5 {[%emt 0:00:02] The position is equal.} Nd7 14. Bxe7 Kxe7 15. f4 g5 16. fxg5 Nxe5 {[%emt 0:00:01] [#]} (16... h6 $14) 17. h4 $146 (17. Bg2 $16) ({Predecessor:} 17. Bg2 h6 18. Rhe1 Nc4 19. Nd5+ Kf8 20. Nc7 Rb8 21. b3 Nb6 22. g6 Ke7 23. gxf7 {1-0 (41) Simacek,P (2453)-Mueller,R (2342) Imperia 2005}) 17... Bd7 18. Bg2 Bc6 19. Bxc6 Nxc6 20. Ne4 Rad8 21. Nc5 b6 22. Ne4 h6 23. Rdf1 hxg5 24. Nxg5 f6 25. Ne4 f5 26. Ng5 Rd6 27. h5 Rh6 28. Nf3 Kf6 {[%emt 0:00:16] Black is more active.} 29. Rfg1 (29. Rh3 $15) 29... e5 $17 30. Rg8 e4 31. Nd2 b5 {[%emt 0:00:42] Against Nc4} 32. Rf8+ ({White should play} 32. Rf1 Ke5 33. Rg5) 32... Ke5 33. Nf1 {[%emt 0:00:31] [#]} (33. Re8+ $17 Rde6 34. Rf8) 33... Nd4 (33... Rd8 $1 $19 34. Rf7 f4) 34. Ng3 (34. b3 $17) 34... f4 35. Nf1 (35. c3 $19 fxg3 36. cxd4+ Kxd4 37. Rg8) 35... Ne2+ {[%emt 0:00:02] Weighted Error Value: White=0.44/Black=0.13 (very precise)} 0-1

[Event "Rosh Hashanah Rapid 2022"]
[Site "Ramat Gan"]
[Date "2022.09.25"]
[Round "3.9"]
[White "Zak, Uriel"]
[Black "Dvir, Ofir"]
[Result "1-0"]
[ECO "A48"]
[WhiteElo "2262"]
[BlackElo "2084"]
[Annotator "TA"]
[PlyCount "101"]
[EventDate "2022.09.25"]
[EventType "rapid"]
[EventCountry "ISR"]
[SourceTitle "playchess.com"]
[Source "ChessBase"]
[SourceQuality "1"]
[TimeControl "900+5"]

1. Nf3 {[%emt 0:01:08] Ramirez Alvarez,A} Nf6 2. d4 g6 3. Bg5 Bg7 4. c3 h6 5. Bh4 d6 6. Nbd2 g5 7. Bg3 Nh5 {[%emt 0:00:01] A48: 1 d4 Nf6 2 Nf3 g6: Torre, London and Colle Systems.} 8. e3 Nd7 9. Bd3 {[%emt 0:00:06] [#]} Nb6 $146 {[%emt 0:00:34] White is slightly better.} ({Predecessor:} 9... e6 10. O-O Qe7 11. a4 f5 12. Ne1 Ndf6 13. f4 Nxg3 14. hxg3 O-O 15. e4 c5 16. dxc5 {0-1 (38) Short,N (2664)-Kasparov,G (2812) Saint Louis 2015 CBM 166 Extra [Ramirez Alvarez,A]}) 10. Qc2 Be6 11. e4 Nxg3 12. hxg3 c5 13. d5 Bd7 14. a4 a5 15. Nc4 ({White should play} 15. Qb3 $16) 15... Nxc4 16. Bxc4 Qb6 17. O-O-O (17. Nd2 $16) 17... O-O-O $14 18. Rde1 e6 ({Better is} 18... g4 $14) 19. Nd2 $16 Rde8 20. dxe6 (20. Bb5 $16) 20... fxe6 $14 21. Re2 Rhf8 (21... Rd8 $11 {remains equal.}) 22. Rhe1 Bc6 23. Bb3 (23. Bb5 $14) 23... Qd8 24. Nc4 d5 25. exd5 exd5 {[%emt 0:00:00] Threatens to win with ...Rxe2.} 26. Rxe8 Bxe8 27. Ne3 c4 28. Ba2 Bc6 29. Rd1 Qb6 30. Nf5 Be5 31. f3 Kb8 32. g4 $1 Rf6 33. Kb1 Ka7 34. Re1 Bf4 35. Nd4 Bd7 36. Re7 Rd6 {[%emt 0:00:14][%mdl 8192] [#]} (36... Bc6 $11) 37. Qd1 $2 (37. Qf2 $1 $18) 37... Qd8 $11 38. Re2 Qf8 $2 {[%emt 0:00:03][%mdl 8192] [#]} (38... Qf6 $11 {and Black stays safe.}) 39. Ka1 $2 (39. g3 $1 $18) 39... Qf7 $2 (39... Qf6 $11) 40. Bb1 $2 (40. g3 $18 {and White stays clearly on top.}) 40... Rb6 $16 41. Bf5 {[%emt 0:00:12] And now Bxd7 would win.} Bxf5 (41... Bc6 $16 {is more resistant.}) 42. gxf5 $18 h5 (42... Bb8 $142 43. Nb5+ Ka8) 43. Re6 Rxe6 44. fxe6 {[%emt 0:00:03][%mdl 4096] Endgame KQB-KQN} Qe8 45. Nb5+ Kb8 46. Qxd5 {[%emt 0:00:04] Black must now prevent e7.} h4 47. Qxc4 Qe7 48. Ka2 Qh7 49. Qd5 (49. e7 $142 Qg6 50. Qd5 b6 51. Qd8+ Kb7 52. e8=Q Qxe8 53. Qxe8 h3 54. Qd7+ Kb8 55. Nd4) 49... Bc7 50. Qc5 Bf4 51. Qf8# {[%emt 0:00:08] Weighted Error Value: White=0.60/Black=1.01} 1-0

[Event "Rosh Hashanah Rapid 2022"]
[Site "Ramat Gan"]
[Date "2022.09.25"]
[Round "3.10"]
[White "Kaganskiy, Gleb"]
[Black "Federovski, Adi"]
[Result "1-0"]
[ECO "B22"]
[WhiteElo "2225"]
[BlackElo "1967"]
[Annotator "TA"]
[PlyCount "89"]
[EventDate "2022.09.25"]
[EventType "rapid"]
[EventCountry "ISR"]
[SourceTitle "playchess.com"]
[Source "ChessBase"]
[SourceQuality "1"]
[TimeControl "900+5"]

1. e4 c5 2. Nf3 Nc6 3. c3 d6 4. d4 Nf6 5. d5 Nb8 6. Be2 {[%emt 0:00:33] B22: Sicilian: 2 c3.} g6 7. O-O Bg7 8. Re1 {[%emt 0:00:48] White is slightly better.} O-O 9. Bf1 e5 10. dxe6 (10. c4 $16) 10... Bxe6 $14 {[%emt 0:00:02] [#]} 11. Ng5 $146 ({Predecessor:} 11. Bg5 Nc6 12. Nbd2 h6 13. Bh4 g5 14. Bg3 d5 15. Qc2 Nh5 16. Rad1 Nxg3 17. hxg3 {0-1 (25) Vajda,L (2534)-Saraci,N (2415) Chess.com INT 2021}) 11... Nc6 (11... Bg4 $11 {is superior.} 12. f3 Bc8) 12. Nxe6 fxe6 13. Bf4 (13. Nd2 $14) 13... d5 $11 14. Bg5 {[%emt 0:01:39] [#] Strongly threatening e5.} h6 (14... dxe4 15. Nd2 $16) 15. Bh4 {[%emt 0:00:13][%cal Bg5h4,Bh4g3,Bg3e5][%mdl 32] aiming for e5.} g5 (15... dxe4 16. Nd2 $16) 16. exd5 exd5 (16... gxh4 17. dxc6 Qxd1 18. Rxd1 $16) 17. Bg3 c4 {[%emt 0:00:43] Inhibits Bd3.} (17... Ne4 {is interesting.} 18. Nd2 Nxg3 19. hxg3 Qf6) 18. Nd2 Qd7 19. Nf3 Rae8 20. Ne5 Nxe5 (20... Qf5 $5 21. Qf3 Qc8 $11) 21. Bxe5 Qf5 22. Qd4 b6 23. Rad1 Rd8 ({Black should play} 23... Rf7 $14) 24. g3 h5 25. Bg2 Kh8 (25... Rfe8 $142) 26. b3 b5 (26... Rd7 $16 {was worth a try.} 27. Re2 (27. bxc4 dxc4 28. Qe3 Ng4 $11) 27... Rc8) 27. bxc4 bxc4 28. Rb1 (28. Qxa7 $18 {[%cal Od1d5] is more deadly. Black must now prevent Rxd5!} Rd7 29. Qc5) 28... Rd7 $16 29. Rb5 a6 30. Ra5 Ra8 (30... Re7 $16) 31. Rc5 ({But not} 31. Bxd5 Rad8) (31. a4 $18) 31... Re8 (31... Rf8 $16) 32. Re3 $2 ({Resist} 32. Bxd5 $6 Kh7 $16) (32. Rxd5 $18 Rxd5 33. Bxd5) 32... Qb1+ 33. Bf1 {[%emt 0:00:03] A strong pair of Bishops.} Rf8 {[%emt 0:00:19] Loses the game.} (33... Re6 $16) 34. Rc6 (34. Rf3 $18 Qg6 35. Rc6) 34... Rdf7 (34... Ng4 $2 35. Bxg7+ Rxg7 36. Re7 $18) (34... Qf5 $16 {was necessary.} 35. Be2 g4) 35. Bxf6 (35. Rxa6 Qf5 36. f3 Kg8 $16) 35... Bxf6 36. Qxd5 Qxa2 $2 (36... Bg7 37. Re2 (37. Qxg5 Rxf2 38. Qxh5+ Kg8 $11) 37... Rf5 38. Qxc4 Qb7) 37. Bxc4 Qa1+ (37... Qb1+ $142 38. Kg2 h4) 38. Kg2 $18 {[%emt 0:00:07][%cal Oe3e8] [#] Re8! would kill now. Active counter play!} Bxc3 39. Rh6+ Kg8 40. Qxg5+ Bg7 41. Rf3 Qd4 42. Bxf7+ Rxf7 43. Rxf7 {White mates.} Kxf7 44. Qg6+ Kg8 45. Qe6+ {[%emt 0:00:08] Weighted Error Value: White=0.34/Black=0.66} (45. Qe8+ $142 Bf8 46. Qe6+ Kg7 47. Qg6#) 1-0